[Event "Late-Titled-Tuesday-Blitz-April-16-2024"]
[Site "Chess.com"]
[Date "2024.04.16"]
[Round "9"]
[White "PapaieDudu"]
[Black "Navyblue1"]
[Result "1-0"]
[WhiteElo "2321"]
[BlackElo "2231"]
[TimeControl "180+1"]
[EndTime "15:44:54 PDT"]
[Termination "PapaieDudu won on time"]

1. Nf3 c5 2. e3 g6 3. d4 Bg7 4. dxc5 Qa5+ 5. Nc3 Qxc5 6. Bd3 Nf6 7. O-O O-O 8. e4 d6 9. Be3 Qc7 10. h3 Nbd7 11.
Nb5 Qa5 12. c3 a6 13. Nbd4 Qc7 14. Bc2 Nc5 15. Nd2 e5 16. Ne2 d5 17. exd5 Nxd5 18.
Bxc5 Qxc5 19. Ne4 Qc6 20. a4 Be6 21. a5 Rfd8 22. Qc1 Nf6 23. Ng5 Bd5 24. Ba4 Qc7 25.
f4 e4 26. f5 h6 27. fxg6 hxg5 28. Qxg5 fxg6 29. Nf4 Bf7 30. Rae1 Rac8 31. b4 b5 32. Bd1 Qxc3 33. Nxg6 Qd4+ 34. Kh1 Bxg6 35. Qxg6 Rc3 36. h4 Re3 37. Be2 Qe5 38. Rd1 Rf8 39.
Rf2 Rg3 40. Rf5 Rxg6 41. Rxe5 Rg3 42. Rd6 Rb3 43. Rxa6 Rxb4 44. Bxb5 Rb1+ 45. Kh2 Ng4+ 46. Kh3 Bxe5 47. Bc4+ Kg7 48. Kxg4 Rb7 49. g3 Re7 50. h5 Bc3 51. Rg6+ Kh8 52. Rh6+ Kg7 53. Rg6+ Kh7 54.
Kh4 Bd2 55. g4 Bxa5 56. g5 Be1+ 57. Kg4 Bd2 58. Rh6+ Kg7 59. Rd6 1-0

[Event "Late-Titled-Tuesday-Blitz-April-16-2024"]
[Site "Chess.com"]
[Date "2024.04.16"]
[Round "9"]
[White "AlphaGoosee"]
[Black "Denisenko_Denis"]
[Result "1/2-1/2"]
[WhiteElo "2575"]
[BlackElo "2437"]
[TimeControl "180+1"]
[EndTime "15:45:02 PDT"]
[Termination "Game drawn by repetition"]

1. e4 e5 2. Nf3 Nf6 3. d4 Nxe4 4.
Bd3 d5 5. Nxe5 Nd7 6. Nxd7 Bxd7 7. O-O Bd6 8. c4 c6 9. Nc3 Nxc3 10. bxc3 O-O 11.
cxd5 cxd5 12. Qh5 f5 13. Qf3 Be6 14. Re1 Qd7 15. Bf4 Rae8 16. Bxd6 Qxd6 17. Rab1 b6 18. Re5 g6 19. h4 Bf7 20. Rbe1 Rxe5 21. Rxe5 Re8 22.
Rxe8+ Bxe8 23. Bc2 Bf7 24. Qe3 Qe6 25. Qd2 Qf6 26. g3 Kg7 27. Bb3 Qe7 28. Qd3 Qe4 29. Qd2 h6 30. Bc2 Qe7 31. Bd3 Be8 32. Bf1 Bf7 33. Bg2 g5 34. hxg5 hxg5 35. c4 dxc4 36. d5 Qd6 37. Qd4+ Kg6 38. Qxc4 Qc5 39. Qd3 Qd6 40.
Qe3 Kf6 41. Qc3+ Kg6 42. a4 a6 43. Qc6 Qxc6 44. dxc6 Be6 45. c7 Bc8 46. f4 gxf4 47. gxf4 Kf6 48. Kf2 Ke7 49. Ke3 Kd6 50. Kd4 Kxc7 51.
Ke5 Bd7 52. Bh3 Bxa4 53. Bxf5 a5 54. Bd3 Be8 55. f5 b5 56. Ke6 Kb6 57. Ke7 Bh5 58.
f6 a4 59. Be2 Bg6 60. Bd3 Bh5 61. Be2 Bg6 62. Bd3 Bh5 1/2-1/2

[Event "Late-Titled-Tuesday-Blitz-April-16-2024"]
[Site "Chess.com"]
[Date "2024.04.16"]
[Round "9"]
[White "martinmena"]
[Black "Allion2017"]
[Result "1-0"]
[WhiteElo "2192"]
[BlackElo "2253"]
[TimeControl "180+1"]
[EndTime "15:45:02 PDT"]
[Termination "martinmena won on time"]

1. c4 Nf6 2. g3 e6 3. Bg2 d5 4.
Nf3 Be7 5. O-O O-O 6. d4 dxc4 7.
Qc2 b5 8. a4 c6 9. Nc3 b4 10. Ne4 Nxe4 11. Qxe4 Bb7 12. Ne5 a5 13. Nxc4 Nd7 14. b3 Ra7 15. Qd3 c5 16. Bb2 Bxg2 17.
Kxg2 Bf6 18. Rfd1 Qa8+ 19. Kg1 cxd4 20. Bxd4 Bxd4 21. Qxd4 Nf6 22. Nb6 Qe4 23. e3 Rb7 24. Qxe4 Nxe4 25. Nc4 Nc3 26. Rd3 Ra8 27. Rc1 Kf8 28. Rc2 Ke7 29. Rcd2 Nd5 30. Rd4 Raa7 31. e4 Nc3 32. Nd6 Rc7 33. Nb5 Nxb5 34. axb5 Rab7 35.
Rc4 Rd7 36. Rxd7+ Kxd7 37. Rc5 Kd6 38. Rc6+ Kd7 39. Rc5 Rb6 40. e5 f6 41. f4 fxe5 42. fxe5 g6 43. Kf2 Rb8 44. Ke3 Rf8 45. b6 Rb8 46. Rc7+ Kd8 47. Rc6 Kd7 48. Rd6+ Ke7 49. Kd4 Rc8 50. b7 Rb8 51. Rb6 Kd7 52. Kc5 Kc7 53. Rc6+ Kxb7 54. Rxe6 Kc7 55. Re7+ Kd8 56.
Rxh7 1-0

[Event "Late-Titled-Tuesday-Blitz-April-16-2024"]
[Site "Chess.com"]
[Date "2024.04.16"]
[Round "9"]
[White "Fins0905"]
[Black "eljanov"]
[Result "1/2-1/2"]
[WhiteElo "2784"]
[BlackElo "2893"]
[TimeControl "180+1"]
[EndTime "15:45:03 PDT"]
[Termination "Game drawn by repetition"]

1. Nf3 d5 2. d4 Nf6 3. c4 e6 4. Bg5 h6 5. Bxf6 Qxf6 6. Nc3 c6 7.
Qb3 Nd7 8. g3 Be7 9. Bg2 O-O 10.
O-O dxc4 11. Qxc4 e5 12. d5 Nb6 13. Qb3 cxd5 14. Nxd5 Nxd5 15. Qxd5 Be6 16. Qxe5 Rac8 17. Rac1 Bxa2 18. Ra1 Bc4 19. Rxa7 Ba6 20. b4 Bxb4 21.
Qxf6 gxf6 22. Nh4 Rc7 23. Rb1 Bc5 24. Raxb7 Bxb7 25. Rxb7 Rxb7 26. Bxb7 Rb8 27. Be4 Rb4 28. Bd3 h5 29. Kg2 Kf8 30. Nf5 Ra4 31. h4 Ra5 32.
Be4 Bb6 33. Bd3 Ke8 34. Kf3 Kd7 35. Kg2 Bc5 36. Ng7 Bf8 37. Nf5 Ke6 38. Nd4+ Kd5 39.
Nf5 Ke5 40. Kf3 Ra4 41. Kg2 Ra3 42. Ne3 Rc3 43. Nc4+ Ke6 44. Ne3 Bc5 45. Nf5 Ke5 46. Ng7 Bf8 47. Nxh5 Bh6 48. Kf3 f5 49. Kg2 f6 50.
Kf3 Ra3 51. Kg2 Rb3 52. Kf3 Rb8 53. e3 Rb2 54. Nf4 Bxf4 55. exf4+ Ke6 56. Ke3 Rb4 57. Bc2 Rb6 58. Bd3 Rd6 59. Bc4+ Ke7 60. Bd3 Ke6 61. Bc4+ Ke7 62. Bd3 Ke6 1/2-1/2

[Event "Late-Titled-Tuesday-Blitz-April-16-2024"]
[Site "Chess.com"]
[Date "2024.04.16"]
[Round "9"]
[White "azikom"]
[Black "Rawnsdale"]
[Result "1-0"]
[WhiteElo "2698"]
[BlackElo "2492"]
[TimeControl "180+1"]
[EndTime "15:45:03 PDT"]
[Termination "azikom won by checkmate"]

1. Nf3 d5 2. c4 e6 3. e3 Be7 4. b3 Nf6 5. Bb2 O-O 6. d4 Nbd7 7.
Nc3 c5 8. cxd5 Nxd5 9. Nxd5 exd5 10. Be2 Bf6 11. O-O Qe7 12. Rc1 Rd8 13. Qd2 b6 14. dxc5 Bxb2 15. Qxb2 Nxc5 16. b4 Ne4 17. Nd4 Bb7 18.
a3 Rac8 19. Bd3 Qf6 20. h3 h6 21. Rfd1 Nd6 22. Qe2 Qg5 23. Ba6 Rxc1 24. Rxc1 Bxa6 25.
Qxa6 Nc4 26. Rc3 Qe7 27. Nc6 Qf6 28. Rxc4 dxc4 29. Nxd8 Qxd8 30. Qxc4 Qd1+ 31. Kh2 Qd6+ 32. g3 Qf6 33. Kg2 Qb2 34. Qd3 Qe5 35. e4 h5 36. Qd8+ Kh7 37. Qd5 Qc3 38. Qxf7 Qxa3 39. Qxh5+ Kg8 40. b5 Qe7 41. Qd5+ Kf8 42. h4 Qb4 43. h5 Qc3 44. Qf5+ Kg8 45. Qd5+ Kh7 46. Qf5+ Kg8 47. Qg6 Kf8 48. Qe6 Qd3 49. Qf5+ Kg8 50. g4 Qd4 51. Qd5+ Qxd5 52. exd5 Kf8 53. g5 Ke7 54. f4 Kd6 55. h6 gxh6 56. gxh6 Kxd5 57. h7 Kc5 58. h8=Q Kxb5 59. Qg7 a5 60. Qb2+ Ka4 61. f5 b5 62. f6 b4 63. f7 Kb5 64. f8=Q a4 65. Qf5+ Kc4 66. Qe4+ Kb5 67. Qbe5+ Ka6 68. Qg6+ Ka7 69. Qe7+ Ka8 70. Qg8# 1-0

[Event "Late-Titled-Tuesday-Blitz-April-16-2024"]
[Site "Chess.com"]
[Date "2024.04.16"]
[Round "9"]
[White "trriinu"]
[Black "protectiago"]
[Result "0-1"]
[WhiteElo "2242"]
[BlackElo "2065"]
[TimeControl "180+1"]
[EndTime "15:45:07 PDT"]
[Termination "protectiago won on time"]

1. e4 e5 2. Nc3 Nc6 3. g3 Bc5 4. Bg2 d6 5. d3 Nge7 6. Na4 Bb6 7. Nxb6 axb6 8. Ne2 O-O 9. O-O f5 10. f4 fxe4 11.
dxe4 exf4 12. gxf4 Ng6 13. c3 Nh4 14. Bh1 Bh3 15. Rf2 Qf6 16. Ng3 Ne5 17. Qh5 Bg4 18. Qg5 Nhf3+ 19. Bxf3 Nxf3+ 20. Rxf3 Qxg5 21. fxg5 Rxf3 22.
g6 hxg6 23. Bg5 Raf8 24. b3 Rxc3 25. Re1 Rc2 26. e5 dxe5 27. Rxe5 Bh3 28. Re7 Rxa2 29. Rxc7 Ra1+ 30. Rc1 Rxc1+ 31. Bxc1 Ra8 32. Kf2 Ra2+ 33.
Kf3 Rxh2 34. Ne2 Rh1 35. Be3 Rb1 36. Nd4 Bf5 37. Bf4 Kf7 38. Bc7 b5 39. Bd6 Be6 40. b4 Bc4 41. Ke4 Re1+ 42. Kf4 Rd1 43. Ke4 Bd3+ 44. Ke3 Bc4 45. Bc5 Rd3+ 46. Ke4 Kf6 47. Nf3 Rb3 48. Nd4 Kg5 49. Nf3+ Kg4 50. Ne5+ Kh3 51.
Nxg6 Rb2 52. Ne5 Re2+ 53. Kf5 Kg2 54. Ng4 g5 55. Kxg5 Re4 56. Nf6 Re2 57. Kf5 Kf1 58.
Ne4 Re1 59. Kf4 Ke2 60. Nc3+ Kd3 0-1

[Event "Late-Titled-Tuesday-Blitz-April-16-2024"]
[Site "Chess.com"]
[Date "2024.04.16"]
[Round "9"]
[White "sergiochess83"]
[Black "SaqoChess_Twitch"]
[Result "1-0"]
[WhiteElo "2953"]
[BlackElo "2701"]
[TimeControl "180+1"]
[EndTime "15:45:08 PDT"]
[Termination "sergiochess83 won by checkmate"]

1. d4 d5 2. c4 e6 3. Nc3 Nf6 4. cxd5 exd5 5. Bg5 Be7 6. e3 O-O 7. Bd3 Nbd7 8. Qc2 b6 9. Nf3 Bb7 10. h3 h6 11. Bf4 c5 12. O-O c4 13. Bf5 a6 14. a4 Bc6 15. Ne5 Nxe5 16. dxe5 Nh5 17.
Bh2 g6 18. Bxg6 Ng7 19. Bh7+ Kh8 20. Rad1 b5 21. Be4 dxe4 22. Rxd8 Rfxd8 23. Nxe4 Ne6 24. Nd6 Kg7 25. Rd1 Bxd6 26. exd6 f6 27. e4 Kf7 28. e5 Rg8 29. Bg3 Rg6 30. exf6 h5 31. h4 Rag8 32. d7 Rd8 33. axb5 axb5 34. Qf5 Rxd7 35. Rxd7+ Bxd7 36. Qxh5 Kxf6 37. Be5+ Kf7 38. f4 Ng7 39. Bxg7 Kxg7 40. Qe5+ Kh7 41. f5 Rg7 42. Kf2 Kg8 43. h5 b4 44. h6 Rh7 45. Qd5+ Kf8 46. Qxc4 Bxf5 47.
Qxb4+ Kf7 48. Qd6 Be6 49. Qf4+ Kg6 50. Qg3+ Kxh6 51. Qd6 Rf7+ 52. Kg1 Rf6 53. b4 Rg6 54. b5 Bg4 55. Qf4+ Kh5 56. Qh2+ Kg5 57. Qe5+ Kh6 58. b6 Rxb6 59. Qe3+ Kh5 60. Qxb6 Kh4 61. Qf2+ Kh5 62. Qg3 Kg5 63. Kf2 Kh5 64. Ke3 Kg5 65. Qe5+ Kh4 66. Kf4 Bf3 67. Qg5# 1-0

[Event "Late-Titled-Tuesday-Blitz-April-16-2024"]
[Site "Chess.com"]
[Date "2024.04.16"]
[Round "9"]
[White "maximnovik"]
[Black "cedchass2006"]
[Result "1-0"]
[WhiteElo "2578"]
[BlackElo "2408"]
[TimeControl "180+1"]
[EndTime "15:45:08 PDT"]
[Termination "maximnovik won by checkmate"]

1. e4 e5 2. Nf3 Nf6 3. Nxe5 Nxe4 4. Qe2 Qe7 5. Qxe4 d6 6. d4 dxe5 7. dxe5 Nc6 8. Bb5 Bd7 9. O-O O-O-O 10. Re1 Nxe5 11.
Bxd7+ Rxd7 12. Nc3 Nc6 13. Bf4 Qxe4 14. Rxe4 Bb4 15.
Ne2 Bd6 16. c3 Bxf4 17. Nxf4 Rd2 18. Re2 Rxe2 19. Nxe2 Rd8 20. Kf1 Rd2 21. Rb1 Ne5 22. Ke1 Rd7 23. Nd4 c5 24. Nb3 b6 25. Ke2 Kc7 26.
Re1 Nd3 27. Rb1 a5 28. a4 Ne5 29. Nd2 Re7 30. Kf1 Rd7 31. Ke2 f6 32. f4 Ng6 33.
g3 Ne7 34. Nc4 Nc6 35. Rd1 Re7+ 36. Kf3 Nd8 37. Rd6 Nb7 38. Rd5 Kc6 39. Rd3 Re6 40. f5 Re1 41. g4 Re7 42. h4 h6 43. Kf4 Re1 44. Re3 Rxe3 45. Kxe3 Kd5 46. b3 Kc6 47. Ke4 Nd8 48. Kf4 Nf7 49. Ke4 Nd6+ 50. Nxd6 Kxd6 51. Kf4 Kd5 52. Ke3 Ke5 53. Kf3 Kd5 54. Kf4 c4 55.
b4 axb4 56. cxb4 Kd4 57. a5 bxa5 58. bxa5 Kc5 59. Ke4 Kb5 60. Kd4 Kxa5 61. Kxc4 Kb6 62. Kd5 Kc7 63. Ke6 Kd8 64. Kf7 Kd7 65. Kxg7 Ke7 66.
Kxh6 Kf7 67. g5 fxg5 68. hxg5 Kg8 69. g6 Kh8 70. f6 Kg8 71. f7+ Kh8 72. g7# 1-0

[Event "Late-Titled-Tuesday-Blitz-April-16-2024"]
[Site "Chess.com"]
[Date "2024.04.16"]
[Round "9"]
[White "vladislavkovalev"]
[Black "FairChess_on_YouTube"]
[Result "0-1"]
[WhiteElo "2863"]
[BlackElo "3085"]
[TimeControl "180+1"]
[EndTime "15:45:10 PDT"]
[Termination "FairChess_on_YouTube won by resignation"]

1. e4 c5 2. Nf3 Nc6 3. Bb5 Nf6 4.
Nc3 g6 5. O-O Bg7 6. e5 Ng4 7.
Bxc6 dxc6 8. Re1 O-O 9. d3 Nh6 10. h3 Nf5 11. b3 Nd4 12. Bb2 b6 13. Ne4 Bf5 14. Ned2 Qd5 15. a4 Rad8 16. Kh2 Bh6 17. Ne4 Bf4+ 18. Ng3 Nxf3+ 19. Qxf3 Qxf3 20. gxf3 Be6 21. Kg2 Rd5 22. Re4 Bh6 23. Rae1 a5 24. Bc1 Bg7 25. f4 b5 26. Bd2 Rd7 27. Ra1 Bd5 28. axb5 cxb5 29. Rxa5 f5 30. exf6 exf6 31. f3 Bxe4 32.
fxe4 c4 33. Rxb5 cxd3 34. c4 Ra8 35. Kf3 Ra2 36. Nf1 f5 37. e5 Bf8 38. c5 Rb2 39. b4 Rc7 40. Rb6 Be7 41. Ke3 Rxc5 42. Rb8+ Kf7 43. Kxd3 Rd5+ 44. Ke3 Bc5+ 45. Ke2 Bd4 46.
Rb7+ Ke6 47. Kf3 Rb3+ 48. Ke2 Bc3 49. Bxc3 Rxc3 50. Rb6+ Ke7 51. Rb7+ Ke6 52. Rb6+ Kd7 53. Rb7+ Kc6 54. Rxh7 Rd4 55. Rg7 Rxf4 56. Rxg6+ Kb5 57. Rd6 Re4+ 58. Kd2 Rf3 59. Rd5+ Kc4 60. Rd8 Rxf1 0-1

[Event "Late-Titled-Tuesday-Blitz-April-16-2024"]
[Site "Chess.com"]
[Date "2024.04.16"]
[Round "9"]
[White "Cluke86"]
[Black "Licancabur"]
[Result "0-1"]
[WhiteElo "2337"]
[BlackElo "2449"]
[TimeControl "180+1"]
[EndTime "15:45:12 PDT"]
[Termination "Licancabur won by resignation"]

1. e4 Nf6 2. e5 Nd5 3. c4 Nb6 4. d4 d6 5. exd6 cxd6 6. Nc3 g6 7. Be3 Bg7 8. Rc1 e5 9. dxe5 dxe5 10. Qxd8+ Kxd8 11. c5 N6d7 12. Bc4 f5 13. f4 Re8 14. Nge2 Nc6 15. O-O Na5 16. Bb5 a6 17. Bxd7 Bxd7 18. fxe5 Bxe5 19. Bg5+ Kc8 20. b4 Nc6 21. Nd5 Bc7 22.
Nec3 Nd4 23. Rfe1 Ne6 24. Bd2 Bb5 25. a4 Bd3 26. Nb6+ Bxb6 27. cxb6 Kd7 28. Red1 Ke7 29. Bg5+ Nxg5 30. Rxd3 Rad8 31. Re1+ Kf7 32. Rxe8 Kxe8 33. Re3+ Kd7 34. b5 axb5 35. axb5 Rc8 36. Nd5 Ne4 37.
g4 Kd6 38. Nc7 Ke5 39. gxf5 gxf5 40. Kg2 Rd8 41. Kf3 Rd2 42. Rb3 Rxh2 43. Rd3 Rh3+ 44. Ke2 Rxd3 45. Kxd3 Nd6 46. Ke3 h5 47. Kf3 h4 48.
Na6 Nxb5 49. Nc5 Nd6 50. Nd3+ Kd4 51. Nf4 Kc5 52. Ng6 h3 53. Kg3 Kxb6 54. Kxh3 Kc5 55. Kg3 Kd4 56. Kf3 b5 57. Nf4 Kc3 58. Nd5+ Kc4 59.
Ne3+ Kd3 60. Nd5 Kd4 61. Nb4 Kc4 62. Nc6 b4 63. Ne5+ Kc3 64. Kf4 b3 65. Nf3 b2 0-1

[Event "Late-Titled-Tuesday-Blitz-April-16-2024"]
[Site "Chess.com"]
[Date "2024.04.16"]
[Round "9"]
[White "dosto07"]
[Black "Hirna2005"]
[Result "1/2-1/2"]
[WhiteElo "2510"]
[BlackElo "2366"]
[TimeControl "180+1"]
[EndTime "15:45:13 PDT"]
[Termination "Game drawn - insufficient material"]

1. e4 g6 2. d4 Bg7 3. Nf3 d6 4.
Nc3 a6 5. a4 Nc6 6. Be2 Bg4 7.
Be3 e5 8. dxe5 Bxf3 9. Bxf3 dxe5 10. Nd5 Nd4 11. c3 Nxf3+ 12. Qxf3 Qd6 13. Rd1 Qc6 14. O-O Nf6 15. Bc5 Nxd5 16. Rxd5 b6 17. Ba3 Qe6 18.
Qg3 f6 19. Rfd1 Bf8 20. Bxf8 Kxf8 21. Rd7 Re8 22. h4 Re7 23. Rd8+ Kg7 24. h5 Rxd8 25. Rxd8 g5 26. Qd3 Kh6 27. Qf3 a5 28. g4 Kg7 29.
Qf5 Qxf5 30. exf5 Kf7 31. Kf1 Re8 32. Rd7+ Re7 33. Rd2 Ke8 34. Ke2 Rd7 35. Rc2 Ke7 36. Ke3 h6 37. b4 axb4 38. cxb4 Rd8 39. Rxc7+ Kd6 40. Rf7 Ra8 41. Rxf6+ Kd5 42. Rxh6 Rxa4 43. Rxb6 Ra3+ 44. Ke2 Ke4 45. Rd6 Ra2+ 46. Kf1 Kf3 47. Rd3+ Kxg4 48. f6 Kxh5 49. f7 Ra1+ 50. Kg2 Ra8 51.
Rf3 Rf8 52. b5 Kg6 53. b6 Kg7 54. b7 Rb8 55. Kg3 Kf8 56. Kg4 Rxb7 57. Kxg5 Rb5 58.
Kf6 e4 59. Rh3 Rb6+ 60. Ke5 Rb2 61. Kf6 Rxf2+ 62. Ke6 Rxf7 63. Re3 Re7+ 64. Kf6 Ke8 65. Kf5 Kf7 66. Kf4 Kf6 67. Rh3 e3 68. Rxe3 Rxe3 69.
Kxe3 1/2-1/2

[Event "Late-Titled-Tuesday-Blitz-April-16-2024"]
[Site "Chess.com"]
[Date "2024.04.16"]
[Round "9"]
[White "ansko1999"]
[Black "Yushko_Olga"]
[Result "1-0"]
[WhiteElo "2588"]
[BlackElo "2320"]
[TimeControl "180+1"]
[EndTime "15:45:16 PDT"]
[Termination "ansko1999 won by checkmate"]

1. c4 Nf6 2. Nc3 e6 3. e4 d5 4. cxd5 exd5 5. e5 Ne4 6. Nf3 Bg4 7. h3 Bh5 8. Nxe4 dxe4 9. Qa4+ Nc6 10. Qxe4 Bg6 11.
Qa4 Bc5 12. d4 Bxd4 13. Bb5 Bb6 14. Bxc6+ bxc6 15. Qxc6+ Kf8 16. O-O Rb8 17. Bg5 Qe8 18.
Qc3 h6 19. Be3 Kg8 20. Bxb6 cxb6 21. Rac1 Kh7 22. Qc7 a5 23. Rfd1 Qb5 24. b3 Bh5 25. Nd4 Qd5 26. g4 Rhc8 27. Qd6 Rxc1 28. Rxc1 Qxd6 29. exd6 Bg6 30. Rc7 Rd8 31. d7 Be4 32.
Nb5 Bd5 33. Nd6 Be6 34. Nc8 Rxd7 35. Rxd7 Bxd7 36. Nxb6 Bc6 37. Kh2 Kg6 38. Kg3 Kf6 39.
Kf4 Ke6 40. h4 Bb5 41. Nc4 a4 42. Ke4 axb3 43. axb3 Bc6+ 44. Kd4 Bf3 45. Ne3 Kd6 46. Nf5+ Kc6 47. g5 hxg5 48. hxg5 g6 49. Ne3 Be2 50. Ke5 Kd7 51. Kf6 Ke8 52. b4 Bb5 53. Ng4 Bc4 54. Ne5 Bd5 55. b5 Kf8 56. b6 Ke8 57.
Nxf7 Bc6 58. Nd6+ Kd7 59. b7 Kc7 60. Nf7 Bxb7 61. Kxg6 Kd7 62. Kf6 Ke8 63. g6 Kf8 64. g7+ Kg8 65. Nh6+ Kh7 66. g8=Q+ Kxh6 67. Qg6# 1-0

[Event "Late-Titled-Tuesday-Blitz-April-16-2024"]
[Site "Chess.com"]
[Date "2024.04.16"]
[Round "9"]
[White "Mops_2004"]
[Black "ekurtz"]
[Result "1-0"]
[WhiteElo "2826"]
[BlackElo "2622"]
[TimeControl "180+1"]
[EndTime "15:45:26 PDT"]
[Termination "Mops_2004 won on time"]

1. g3 d5 2. Nf3 Nf6 3. Bg2 c6 4. O-O Bf5 5. c4 e6 6. Qb3 Qb6 7. d3 dxc4 8. Qxc4 Be7 9. Nc3 O-O 10. e4 Bg6 11. Be3 Qa6 12. Ne5 Rd8 13. Rfd1 Bh5 14. f3 Nfd7 15. Nxd7 Rxd7 16. a3 Qa5 17. b4 Qd8 18. d4 Na6 19. Ne2 e5 20. Qc2 exd4 21. Bxd4 c5 22. bxc5 Nxc5 23. Bh3 Ne6 24. Bxe6 fxe6 25.
Kg2 Rc8 26. Qb3 Bf7 27. Be3 e5 28. Rxd7 Qxd7 29. Qb2 Qd3 30. Qd2 Qxd2 31. Bxd2 Rc2 32. Rd1 Bxa3 33. Kf2 Bc5+ 34. Ke1 b6 35. Bc3 Bc4 36.
Rd2 Rxd2 37. Kxd2 Bxe2 38. Kxe2 Bd6 39. Kd3 b5 40. Ke3 Kf7 41. f4 Ke6 42. f5+ Kf7 43. g4 b4 44. Bd2 a5 45. Kd3 a4 46. Kc4 a3 47. Kb3 Ke7 48. g5 Kf7 49. h4 Bc5 50. h5 Be7 51. Bc1 Bc5 52. Bd2 Kf8 53. Ka2 Ke7 54.
Kb3 Kd7 55. Ka2 Bf8 56. Kb3 Kc6 57. g6 hxg6 58. fxg6 Kd7 59. Be3 Ke6 60. Bd2 Be7 61. Be3 Bd6 62. Bd2 Bc5 63. Bg5 Bf8 64. Bd2 Kd7 65. Be3 Kc6 66. Bd2 Kb5 67. Be3 a2 68. Kxa2 Kc4 69. Bg5 b3+ 70. Kb2 Bb4 71. h6 Bc3+ 72. Kb1 1-0

[Event "Late-Titled-Tuesday-Blitz-April-16-2024"]
[Site "Chess.com"]
[Date "2024.04.16"]
[Round "9"]
[White "Charodej1"]
[Black "Statham_01"]
[Result "0-1"]
[WhiteElo "2319"]
[BlackElo "2591"]
[TimeControl "180+1"]
[EndTime "15:45:30 PDT"]
[Termination "Statham_01 won by resignation"]

1. e4 e5 2. Nf3 Nf6 3. Nxe5 d5 4. d4 Nxe4 5. Bd3 Nd7 6. Nxd7 Bxd7 7. Qe2 Be7 8. O-O O-O 9. c4 c6 10. Nc3 Nxc3 11.
bxc3 Re8 12. Qh5 g6 13. Qf3 dxc4 14. Bxc4 Bf6 15. Rb1 b5 16. Bb3 Bf5 17. Ra1 Be4 18.
Qf4 Bd3 19. Rd1 Bf5 20. Be3 Re4 21. Qf3 Qe7 22. h3 Re8 23. Rdb1 Rh4 24. Re1 Be4 25. Qg3 Rh5 26. f3 Bd5 27. Bf2 Qd7 28. Qg4 Rf5 29. Bc2 Rxe1+ 30. Rxe1 Bxf3 31. Bxf5 Bxg4 32. Bxd7 Bxd7 33.
Kf1 Be6 34. a3 Bc4+ 35. Kg1 Kg7 36. Bg3 Bd8 37. Be5+ f6 38. Bd6 Ba5 39. Bb4 Bd8 40.
Kf2 a5 41. Be7 Bb6 42. Ke3 Kf7 43. Kd2 Bd5 44. g3 f5 45. Bd6 Be4 46. g4 Ke6 47.
Be5 c5 48. gxf5+ gxf5 49. Rg1 cxd4 50. Bxd4 Bc7 51. Rg7 Bf4+ 52. Ke1 Bh6 53. Rxh7 Bf4 54. Ra7 Kd5 55. Rxa5 Kc4 56. Ra6 Kd3 57. Rg6 Bd2+ 58. Kf1 f4 59. Rg1 Bf3 60. Rg2 Bxg2+ 61. Kxg2 Ke2 62. h4 f3+ 63. Kg3 Be3 64. Bxe3 Kxe3 65.
h5 f2 66. h6 f1=Q 0-1

[Event "Late-Titled-Tuesday-Blitz-April-16-2024"]
[Site "Chess.com"]
[Date "2024.04.16"]
[Round "9"]
[White "EddieMarsalla"]
[Black "Korchmar_Vasiliy"]
[Result "1/2-1/2"]
[WhiteElo "2596"]
[BlackElo "2710"]
[TimeControl "180+1"]
[EndTime "15:45:59 PDT"]
[Termination "Game drawn by repetition"]

1. d4 Nf6 2. Bf4 g6 3. c3 Bg7 4. Nd2 c5 5. e3 cxd4 6. exd4 d6 7. Ngf3 Nc6 8. Bc4 O-O 9. O-O Qc7 10. Re1 a6 11. a4 Bf5 12. h3 Rad8 13. Rc1 Qc8 14. b4 e5 15. Bh2 e4 16. Nh4 Bxh3 17. gxh3 Qxh3 18. Bg3 d5 19. Bf1 Qd7 20. Ng2 Nh5 21.
Bh2 Bh6 22. Rc2 f5 23. Nb3 f4 24. b5 axb5 25. axb5 Ne7 26. Nc5 Qf5 27. Kh1 b6 28. Na4 Rd6 29. c4 Rdf6 30. cxd5 Nxd5 31. Bc4 Kh8 32.
Rg1 f3 33. Nh4 Qh3 34. Bxd5 Bf4 35. Rg3 Qxh4 36. Qg1 e3 37. Rxf3 Bxh2 38. Qxh2 Qxh2+ 39. Kxh2 Rxf3 40. Bxf3 Rxf3 41. fxe3 Rxe3 42. Nxb6 Rb3 43. Rc5 Nf4 44. Nd5 Ne6 45. Rc8+ Kg7 46. b6 Nxd4 47. Rc7+ Kh6 48. b7 Kg5 49. Rxh7 Nf3+ 50. Kg2 Ne5 51. Kf2 Rb2+ 52. Ke3 Rb3+ 53. Kd4 Nc6+ 54. Kc4 Rb1 55. Kc5 Na5 56. Nb6 Nxb7+ 57. Rxb7 Kg4 58. Rg7 g5 59.
Nc4 Rc1 60. Kd4 Kf4 61. Rf7+ Kg3 62. Kd3 g4 63. Ne3 Ra1 64. Rg7 Ra3+ 65. Kd2 Ra2+ 66. Kc1 Ra4 67. Kd2 Kf3 68. Rf7+ Kg3 69. Kd3 Ra3+ 70.
Kd4 Ra4+ 71. Nc4 Kg2 72. Kd3 g3 73. Rg7 Rb4 74. Kc3 Rb1 75. Rg8 Rc1+ 76. Kd3 Rb1 77. Nd2 Ra1 78. Ke2 Ra2 79. Ke3 Ra3+ 80. Ke2 Ra2 81.
Kd3 Ra3+ 82. Kc2 Kh2 83. Kb2 Rd3 84. Kc2 Ra3 85. Nf1+ Kg2 86. Nd2 Kh2 1/2-1/2

[Event "Late-Titled-Tuesday-Blitz-April-16-2024"]
[Site "Chess.com"]
[Date "2024.04.16"]
[Round "9"]
[White "chess_sharparchitect"]
[Black "KorolDimitriy75"]
[Result "1/2-1/2"]
[WhiteElo "2238"]
[BlackElo "2316"]
[TimeControl "180+1"]
[EndTime "15:46:21 PDT"]
[Termination "Game drawn by repetition"]

1. c4 c5 2. Nf3 g6 3. d4 cxd4 4.
Nxd4 Bg7 5. Nc3 Nc6 6. e3 Nf6 7. Be2 O-O 8. Bf3 Ne5 9. Be2 d6 10. O-O Bd7 11. h3 Qa5 12. Bd2 Rfc8 13. Nd5 Qd8 14.
Rc1 Ne4 15. b3 Nxd2 16. Qxd2 Rab8 17. f4 Nc6 18. Bf3 e6 19. Nc3 Nxd4 20. exd4 Qb6 21. Rcd1 Qb4 22. Ne4 Qxd2 23. Rxd2 d5 24. Nc5 Bc6 25.
cxd5 exd5 26. b4 b6 27. Nb3 Bb5 28. Re1 Bc4 29. Re7 a6 30. Kh2 Bf8 31. Rd7 Bxb4 32. Rf2 Rd8 33. Ra7 a5 34. f5 Rf8 35. fxg6 hxg6 36.
Bg4 Bc3 37. Rd7 Bxb3 38. axb3 Bxd4 39. Re2 Bc5 40. Rxd5 Rbd8 41. Red2 Rxd5 42. Rxd5 Kg7 43. Kg3 f5 44. Bf3 Kf6 45. Rd7 Re8 46. h4 Re3 47. Kf4 Rxb3 48. Bd5 Be3+ 49. Kf3 Rc3 50. h5 gxh5 51. Ke2 f4 52. Bf3 h4 53. Rd6+ Ke5 54. Rd5+ Ke6 55. Rh5 Ke7 56. Rxh4 Rc2+ 57. Kd3 Rb2 58.
Rh7+ Kd6 59. Rh6+ Kc5 60. Kc3 Rb1 61. Rc6+ Kb5 62. Re6 a4 63. Be2+ Ka5 64. Re5+ b5 65.
Re8 Rc1+ 66. Kb2 Rc5 67. Ra8+ Kb4 68. Re8 a3+ 69. Kb1 Kb3 70. Bd1+ Kb4 71. Re4+ Rc4 72.
Rxc4+ Kxc4 73. Ka2 b4 74. Be2+ Kc3 75. Bd1 Bc1 76.
Bb3 Bb2 77. Bd5 Kc2 78. Bb3+ Kc1 79. Bd5 Bc3 80. Bc4 Kd2 81. Bd5 Ke3 82. Kb3 Kd4 83.
Bf3 Ke3 84. Bd5 Kd2 85. Bc6 Kc1 86. Be4 Bd2 87. Bd3 Bc3 88. Be4 Kd2 89. Bf3 Kd3 90.
Bd5 Kd4 91. Bf3 Ke3 92. Bc6 Kf2 93. Bd5 Ke1 94. Be4 Kd2 95. Bd5 Kc1 96. Be4 1/2-1/2

[Event "Late-Titled-Tuesday-Blitz-April-16-2024"]
[Site "Chess.com"]
[Date "2024.04.16"]
[Round "9"]
[White "Durarbayli"]
[Black "mishanick"]
[Result "1-0"]
[WhiteElo "2905"]
[BlackElo "3042"]
[TimeControl "180+1"]
[EndTime "15:46:58 PDT"]
[Termination "Durarbayli won by checkmate"]

1. e4 c5 2. Nf3 d6 3. d4 cxd4 4. Nxd4 Nf6 5. Nc3 a6 6. h4 e5 7. Nf5 d5 8. Qf3 d4 9. Nd5 Nxd5 10. exd5 Bxf5 11. Qxf5 Nd7 12. c3 g6 13. Qh3 Bc5 14. h5 Qf6 15. b4 Ba7 16. c4 O-O-O 17. c5 e4 18. Bb2 Kb8 19. O-O-O Nxc5 20. bxc5 Bxc5 21. Bc4 Ka8 22. Kb1 Qd6 23. hxg6 hxg6 24. Qxh8 Rxh8 25. Rxh8+ Ka7 26. Rxd4 Qb6 27. Rxe4 Ba3 28.
Re2 Bxb2 29. Rxb2 Qd4 30. Rh1 Qxc4 31. Rd1 Qa4 32. Rb3 Qe4+ 33. Rbd3 Qb4+ 34. Kc1 Qd6 35. g3 Kb8 36. R1d2 Kc7 37. Rc2+ Kd7 38. Kd2 Qb4+ 39. Ke2 Qe4+ 40. Kd2 Qb4+ 41. Ke3 Qe7+ 42. Kf3 Qd6 43.
Kg2 g5 44. Re2 g4 45. Re4 f5 46. Re6 Qc5 47. Re5 Qc2 48. Rde3 Kd6 49. a3 a5 50. Re2 Qd3 51. Re6+ Kxd5 52. R2e3 Qb1 53. R6e5+ Kd6 54. Rxa5 Qc2 55. Rae5 Qc6+ 56. Kg1 Qc1+ 57. Re1 Qc2 58. R5e3 b5 59. Kg2 Qc6+ 60. Kg1 Qd5 61. R1e2 Qd1+ 62. Kg2 Qd5+ 63. Kg1 Kc6 64. Rc3+ Kb6 65.
Rec2 Ka5 66. Rc1 Ka4 67. Re3 Qd2 68. Rce1 Qd4 69. Kg2 Qd5+ 70. Kg1 Qd4 71. Rb1 Qd5 72. Rb4+ Ka5 73. Rf4 Qd1+ 74. Kg2 Qd5+ 75. Kh2 Ka6 76. a4 bxa4 77. Rxa4+ Kb5 78. Rf4 Kc6 79. Re8 Qf7 80. Re5 Kd6 81. Rexf5 Qh7+ 82. Kg1 Qg8 83. Rf6+ Ke5 84. R6f5+ Ke6 85. Ra5 Qd8 86. Raa4 Qd1+ 87. Kg2 Qd5+ 88. Rae4+ Kd7 89. Rxg4 Qc6 90. Rf4 Qd5 91. g4 Kd8 92. f3 Qd2+ 93. Kg3 Qc1 94. Rf5 Qg1+ 95. Kh4 Qh2+ 96. Kg5 Qd6 97. Ree5 Qd2+ 98.
Kg6 Qh2 99. f4 Qh8 100. Rf6 Qg8+ 101. Kf5 Qh7+ 102. Kg5 Qg7+ 103. Rg6 Qh8 104. Ree6 Kd7 105. f5 Qd8+ 106. Kh5 Qh8+ 107. Rh6 Qb2 108. Rh7+ Kd8 109. Kg6 Qd4 110. g5 Qd5 111. Ree7 Qg8+ 112. Rhg7 Qc4 113. Rd7+ Ke8 114. Rc7 Qa6+ 115. Kh7 Kd8 116. Rcf7 Ke8 117. Ra7 Qd3 118. Rg8# 1-0